Map: Ley Lines

Players

Lambo

  • Race: Zerg Zerg
  • Spawn Location: 1:00

gumiho - Winner!

  • Race: Terran Terran
  • Spawn Location: 7:00

Event: HomeStory Cup XXVI

VOD

Have the link to the VOD?

Description

Time

  • Played on: Nov. 29, 2024, 9:59 a.m.
  • Length: 10:38

All games in this series

Show
View Real Time Build Order
Export as new Build Order

Lambo Zerg 

Build Orders: Pool First 

Get SALT Encoding   

  12  0:00  Drone  
  13  0:08  Drone  
  14  0:15  Extractor  
  14  0:16  Drone  
  15  0:21  Overlord  
  15  0:40  Drone x2, Extractor  
  16  0:43  Drone  
  16  0:48  Spawning Pool  
  16  0:54  Drone  
  17  1:05  Drone  
  18  1:15  Hatchery  
  17  1:20  Drone  
  18  1:35  Queen  
  18  1:36  Zergling x2  
  21  1:43  Metabolic Boost  
  21  1:48  Overlord  
  21  1:55  Drone  
  22  2:11  Queen  
  22  2:13  Zergling x4  
  26  2:25  Hatchery  
  26  2:29  Zergling x2  
  26  2:32  Drone  
  27  2:39  Drone  
  27  2:42  Drone x2  
  30  2:47  Spore Crawler  
  30  2:51  Drone  
  30  2:56  Drone  
  30  2:58  Overlord  
  32  3:00  Drone  
  32  3:01  Drone  
  34  3:13  Drone x2  
  34  3:16  Drone  
  34  3:18  Queen  
  38  3:21  Drone  
  38  3:25  Drone x2  
  38  3:26  Drone  
  42  3:35  Drone  
  42  3:36  Queen  
  42  3:37  Overlord  
  45  3:43  Overlord  
  45  3:45  Drone x2  
  47  3:49  Drone  
  47  3:52  Drone  
  49  3:55  Queen  
  49  3:56  Drone  
  49  3:58  Drone  
  49  3:59  Drone  
  49  4:01  Drone  
  55  4:03  Overlord  
  55  4:07  Drone  
  55  4:08  Drone  
  57  4:12  Queen  
  57  4:16  Zergling x4  
  61  4:21  Queen  
  63  4:24  Drone  
  63  4:25  Drone  
  63  4:28  Drone  
  63  4:29  Drone x3  
  63  4:31  Overlord  
  69  4:35  Queen  
  69  4:37  Drone  
  72  4:40  Zergling x2  
  73  4:49  Drone  
  73  4:50  Overlord  
  74  4:53  Lair  
  74  4:55  Spore Crawler  
  74  4:56  Spore Crawler  
  74  4:57  Drone x2, Spore Crawler  
  73  5:03  Zergling x4  
  73  5:04  Drone  
  73  5:05  Drone x3  
  79  5:07  Drone x2  
  79  5:09  Drone  
  79  5:12  Drone x2, Extractor  
  79  5:13  Extractor  
  82  5:18  Drone x2  
  82  5:19  Baneling Nest  
  82  5:21  Drone  
  84  5:23  Extractor  
  84  5:24  Drone x3  
  84  5:27  Overlord, Extractor  
  85  5:30  Hatchery  
  85  5:31  Drone x2  
  85  5:35  Drone, Evolution Chamber  
  86  5:36  Evolution Chamber  
  86  5:37  Drone x2  
  86  5:40  Drone  
  88  5:44  Drone x2  
  90  5:50  Drone  
  90  5:51  Drone x4  
  95  5:59  Drone x2  
  95  6:01  Drone  
  95  6:03  Zerg Melee Weapons Level 1, Zerg Ground Armor Level 1  
  95  6:04  Centrifugal Hooks  
  98  6:10  Overlord  
  98  6:12  Overlord  
  98  6:16  Hatchery  
  98  6:17  Overlord  
  98  6:18  Overlord  
  97  6:21  Overlord  
  97  6:22  Infestation Pit  
  97  6:25  Overlord  
  96  6:27  Overlord  
  96  6:28  Queen  
  96  6:29  Overlord  
  96  6:32  Zergling x6  
  101  6:33  Drone x5  
  101  6:36  Drone x2  
  108  6:43  Zergling x4  
  110  6:52  Zergling x10  
  115  6:55  Zergling x2  
  116  7:01  Drone  
  116  7:02  Drone  
  116  7:03  Zergling x10  
  116  7:05  Baneling x8  
  116  7:07  Hatchery, Baneling x2  
  122  7:09  Hive  
  122  7:10  Zergling x8  
  126  7:22  Overlord  
  126  7:24  Zergling x12  
  126  7:29  Zergling x12  
  138  7:33  Baneling x13  
  138  7:35  Zergling x10  
  143  7:37  Overseer  
  143  7:40  Zergling x2  
  143  7:41  Zergling x12  
  150  7:45  Zergling x6  
  150  7:46  Baneling  
  150  7:47  Baneling x2  
  150  7:50  Zergling x4, Overlord  
  155  8:02  Zergling x6  
  155  8:03  Overlord x3  
  155  8:05  Overlord  
  158  8:07  Baneling x6  
  158  8:09  Overlord  
  158  8:11  Baneling x2  
  158  8:13  Overlord  
  158  8:14  Hatchery  
  158  8:16  Overlord  
  158  8:18  Zergling x18  
  158  8:19  Overlord  
  164  8:21  Zerg Melee Weapons Level 2, Zerg Ground Armor Level 2  
  164  8:22  Overlord  
  157  8:27  Zergling x10  
  157  8:28  Overlord  
  157  8:34  Baneling x2  
  154  8:35  Zergling x10  
  154  8:40  Zergling x12  
  153  8:42  Zergling x8  
  151  8:54  Zergling x26  
  148  8:59  Queen  
  130  9:03  Zergling x10  
  130  9:11  Baneling x4  
  130  9:14  Zergling x14  
  126  9:22  Zergling x14  
  126  9:29  Overlord  
  126  9:30  Viper x2  
  132  9:34  Zergling x6  
  132  9:37  Zergling x2  
  132  9:41  Zergling x6  
  132  9:42  Baneling  
  132  9:43  Baneling x6  
  132  9:48  Zergling x4  
  132  9:51  Zergling x4  
  136  9:54  Baneling x11  
  136  9:56  Zergling x4  
  138  10:00  Zergling x6  
  138  10:05  Zergling x4  
  128  10:08  Zergling x2  
  128  10:09  Overlord  
  118  10:15  Zergling x8  
  118  10:19  Zergling x6  
Show
View Real Time Build Order
Export as new Build Order

gumiho Terran - Winner!

Build Orders: Reaper Expand, Hellion Banshee 

Get SALT Encoding   

  12  0:00  SCV  
  13  0:12  SCV  
  14  0:16  Supply Depot  
  14  0:24  SCV  
  15  0:38  SCV  
  15  0:40  Barracks  
  16  0:42  Refinery  
  16  0:50  SCV  
  17  1:02  SCV  
  18  1:14  SCV  
  19  1:26  Orbital Command  
  19  1:27  Reaper  
  20  1:37  Command Center  
  20  1:44  Supply Depot  
  20  1:52  SCV  
  21  1:59  Marine  
  22  2:04  SCV  
  22  2:08  Factory  
  23  2:16  SCV  
  23  2:17  Marine  
  25  2:28  SCV  
  26  2:34  Command Center  
  26  2:36  Barracks Reactor  
  26  2:40  SCV  
  27  2:50  Orbital Command  
  27  2:54  SCV, Hellion  
  30  3:02  Starport  
  30  3:06  SCV  
  30  3:08  Refinery  
  31  3:18  SCV  
  31  3:25  SCV  
  32  3:27  Barracks Tech Lab  
  32  3:29  Hellion x2  
  32  3:30  SCV  
  37  3:38  SCV  
  38  3:42  SCV  
  38  3:46  Orbital Command  
  39  3:50  SCV  
  39  3:51  Hellion x2  
  39  3:54  SCV  
  45  3:56  Banshee  
  45  3:58  Barracks Tech Lab  
  45  4:02  SCV  
  49  4:05  Supply Depot  
  49  4:06  SCV  
  50  4:13  SCV  
  50  4:14  SCV, Hellion  
  56  4:17  Hellion  
  56  4:18  SCV  
  57  4:25  SCV  
  57  4:26  SCV  
  57  4:27  Supply Depot  
  57  4:28  Marine, Stimpack  
  57  4:30  SCV  
  61  4:37  SCV  
  61  4:38  SCV  
  63  4:39  Raven  
  63  4:42  SCV  
  66  4:46  Barracks  
  66  4:47  Factory Reactor  
  66  4:49  Barracks  
  66  4:50  SCV  
  66  4:52  Refinery  
  68  4:53  Refinery  
  68  4:54  Orbital Command, Supply Depot  
  68  4:55  SCV  
  68  4:57  Engineering Bay  
  68  5:01  Engineering Bay  
  68  5:04  SCV  
  68  5:07  Supply Depot, SCV  
  70  5:10  Marine  
  71  5:16  Barracks x2  
  72  5:21  SCV x2  
  72  5:22  SCV  
  72  5:24  Terran Infantry Weapons Level 1  
  72  5:27  Starport Reactor, Terran Infantry Armor Level 1  
  74  5:28  Supply Depot  
  74  5:30  Marine  
  75  5:36  SCV x3  
  78  5:43  Supply Depot, Siege Tank  
  78  5:44  Supply Depot  
  78  5:49  Marine x4  
  85  5:50  Marine  
  85  5:53  SCV x2  
  85  5:55  SCV  
  89  6:05  SCV x2  
  89  6:06  Medivac x2  
  89  6:07  SCV, Marine  
  89  6:08  Supply Depot  
  89  6:09  Barracks Reactor x2  
  89  6:10  Supply Depot  
  97  6:14  Supply Depot  
  97  6:15  Marine  
  97  6:16  Marine  
  97  6:17  SCV x2  
  101  6:18  Marine x2  
  101  6:20  Combat Shield  
  101  6:24  SCV  
  104  6:28  Armory  
  104  6:29  SCV x2  
  104  6:31  Siege Tank  
  109  6:34  Supply Depot  
  109  6:36  Marine x2  
  109  6:38  Marine x3  
  114  6:41  Supply Depot  
  114  6:42  Medivac  
  116  6:49  Medivac  
  116  6:50  Marine x4  
  116  6:54  Marine x2  
  122  6:56  Marine x3  
  122  6:57  Supply Depot  
  127  7:07  Marine, Barracks  
  127  7:08  Marine, Barracks  
  129  7:09  Barracks  
  129  7:10  Siege Tank  
  129  7:14  Marine x2  
  129  7:15  Marine x4  
  136  7:16  Marine  
  136  7:18  Medivac  
  136  7:19  Medivac  
  143  7:29  Marine x2  
  145  7:32  Marine x3, Terran Infantry Weapons Level 2  
  145  7:33  Supply Depot, Marine  
  149  7:37  Supply Depot  
  149  7:41  Marine x3  
  152  7:46  Siege Tank  
  152  7:47  Marine x2  
  152  7:50  Marine x3  
  152  7:51  Marine  
  161  7:56  Marine  
  161  7:57  Marine  
  163  7:59  Marine x3  
  163  8:00  Barracks Reactor  
  163  8:02  Command Center  
  163  8:03  Supply Depot  
  163  8:05  Marine  
  167  8:09  Marine x2  
  169  8:15  Marine x2  
  169  8:16  Marine x2  
  169  8:17  Marine x4  
  177  8:22  Marine  
  177  8:24  Siege Tank  
  175  8:27  Marine x2  
  175  8:33  Marine x2  
  175  8:34  Marine x2  
  175  8:35  Marine x3  
  175  8:37  Marine  
  175  8:38  Marine x2  
  175  8:40  Marine  
  183  8:41  Medivac x2  
  183  8:45  Marine x2  
  187  8:51  Marine x2  
  187  8:52  Marine x3  
  187  8:54  Marine x2  
  185  8:55  Marine x2  
  185  8:56  Siege Tank  
  185  8:58  Marine x2  
  168  9:02  Marine  
  168  9:03  Marine  
  168  9:08  Marine  
  168  9:09  Marine  
  172  9:10  Marine x3  
  172  9:11  Marine  
  172  9:12  Marine  
  172  9:13  Marine x2  
  172  9:16  Marine x2  
  175  9:20  Marine x2  
  177  9:26  Marine x2  
  177  9:28  Marine x3  
  177  9:29  Marine x2  
  177  9:30  Siege Tank  
  177  9:31  Marine x2  
  187  9:32  Medivac x2  
  187  9:35  Marine  
  187  9:36  Marine  
  187  9:38  Marine x2  
  195  9:44  Marine x2  
  193  9:45  Marine  
  193  9:46  Marine x2  
  193  9:47  Marine x2  
  193  9:49  Marine  
  193  9:50  Marine  
  200  10:05  Marine  
  200  10:06  Marine x3  
  200  10:07  Marine x3  
  191  10:08  Marine x2  
  191  10:14  Marine  
Tags
 
Add a new tag
Caveats
  • Supply blocks, unpowered buildings, or Contaminate may cause inaccurate times.
  • Supply counts are checked every 10 seconds.